 Dungeon Crawl Stone Soup version 0.23.1 (webtiles) character file.

Game seed: 3468250054486515904

3495 vishdafish the Fortune-Teller (level 10, -33/79 HPs)
             Began as a Formicid Fighter on Mar 2, 2019.
             Was a Believer of Nemelex Xobeh.
             Killed by a card of wild magic (36 damage)
             ... on level 7 of the Dungeon.
             The game lasted 00:11:52 (8833 turns).

vishdafish the Fortune-Teller (Formicid Fighter)    Turns: 8833, Time: 00:11:55

Health: -33/79     AC: 10    Str: 20    XL:     10   Next: 28%
Magic:  15/15      EV:  9    Int: 12    God:    Nemelex Xobeh [**....]
Gold:   387        SH: 10    Dex: 13    Spells: 9/9 levels left

rFire    . . .     SeeInvis +   u - +2 dagger of the Sun {venom, Dex+3}
rCold    + . .     Gourm    .   c - +0 shield
rNeg     . . .     Faith    .   b - +0 scale mail
rPois    .         Spirit   .   (helmet unavailable)
rElec    .         Reflect  .   (no cloak)
rCorr    .         Harm     .   (no gloves)
MR       +....                  (no boots)
Stlth    ..........             (no amulet)
HPRegen  0.23/turn              p - ring of flight
MPRegen  0.14/turn              q - ring of protection from cold

@: lethally poisoned (-33 -> -34)
A: permanent stasis, dig shafts and tunnels, four strong arms, antennae 3,
talons 1, iridescent scales 1, low mp 1
a: Dig, Shaft Self, Draw Escape, Draw Destruction, Draw Summoning, Renounce
Religion, Evoke Flight


You were on level 7 of the Dungeon.
You worshipped Nemelex Xobeh.
Nemelex Xobeh was pleased with you.
You were not hungry.

You visited 1 branch of the dungeon, and saw 7 of its levels.

You collected 387 gold pieces.

Inventory:

Hand Weapons
 a - a +0 war axe
 u - the +2 dagger of the Sun (weapon) {venom, Dex+3}
   (You found it on level 4 of the Dungeon)

   It poisons the flesh of those it strikes.
   It affects your dexterity (+3).
 y - a +0 hand crossbow
 C - a +2 dire flail of protection
Missiles
 s - 3 tomahawks of returning (quivered)
 v - a throwing net
Armour
 b - a +0 scale mail (worn)
 c - a +0 shield (worn)
Jewellery
 p - a ring of flight (left hand)
 q - a ring of protection from cold (right hand)
Wands
 d - a wand of random effects (23)
 r - a wand of flame (18)
Scrolls
 e - 2 scrolls of fog {unknown}
 g - a scroll of random uselessness {unknown}
 h - a scroll of immolation {unknown}
 j - 6 scrolls of remove curse
 k - 5 scrolls of teleportation
 l - 6 scrolls of enchant weapon
 m - 2 scrolls of enchant armour
 t - a scroll of blinking {unknown}
 x - 2 scrolls of magic mapping {unknown}
Potions
 o - 2 potions of lignification {unknown}
 w - 2 potions of heal wounds {unknown}
 z - 2 potions of degeneration
 A - a potion of magic
 B - a potion of brilliance {unknown}
 D - 2 potions of cancellation {unknown}
 E - a potion of resistance {unknown}
Comestibles
 f - 4 rations


   Skills:
 + Level 7.5 Fighting
 + Level 6.7 Axes
 + Level 7.4 Armour
 - Level 1.3 Dodging
 - Level 0.2 Stealth
 - Level 4.5 Shields
 * Level 10.0 Invocations


You had 9 spell levels left.
You didn't know any spells.
Your spell library contained the following spells:

 Spells                   Type           Power        Failure   Level  Hunger
 Animate Skeleton         Necr           N/A          92%         1    ##.....
 Pain                     Necr           #...         92%         1    ##.....
 Sandblast                Erth           #.....       92%         1    ##.....
 Shock                    Conj/Air       #...         92%         1    ##.....
 Passwall                 Tmut/Erth      #.......     98%         2    ###....
 Swiftness                Chrm/Air       #.......     98%         2    ###....
 Regeneration             Chrm/Necr      #.........   100%        3    ####...
 Static Discharge         Conj/Air       #.......     100%        3    ####...
 Stone Arrow              Conj/Erth      #.....       100%        3    ####...
 Vampiric Draining        Necr           #.........   100%        3    ####...
 Airstrike                Air            #.........   100%        4    #####..
 Animate Dead             Necr           N/A          100%        4    #####..
 Petrify                  Tmut/Erth      #.......     100%        4    #####..
 Lee's Rapid Deconstruct  Erth           #.........   100%        5    ######.
 Lightning Bolt           Conj/Air       #.........   100%        5    ######.


Dungeon Overview and Level Annotations

Branches:
Dungeon (7/15)             Temple (0/1) D:7

Altars:
Fedhas
Nemelex Xobeh
Qazlal
Trog
Uskayaw
Zin


Innate Abilities, Weirdness & Mutations

You cannot be hasted, slowed, berserked, paralysed or teleported.
You can dig through walls and to a lower floor.
Your four strong arms can wield two-handed weapons with a shield.
You have a pair of large antennae on your head. (SInv)
You have sharp toenails.
You are partially covered in iridescent scales. (AC +2)
Your magical capacity is low. (-10% MP)


Message History

You throw a tomahawk of returning.
The tomahawk of returning hits the hornet zombie but does no damage.
The hornet zombie is severely damaged.
The tomahawk of returning fails to return to your pack!
You feel sick. The hornet zombie hits you.
* * * LOW HITPOINT WARNING * * *
The hornet zombie hits you.
* * * LOW HITPOINT WARNING * * *
Evoke which item? (* to show all) (? for menu, Esc to quit)
Okay, then.
Okay, then.
Okay, then.
You draw a card...
You have drawn Wild Magic.
There is a sudden explosion of magical energy!
The explosion engulfs the hornet zombie!!!
The hornet zombie is destroyed!
Your Invocations skill increases to level 10!
The explosion engulfs you!!!
You die...
Your body glows slightly and disappears.

### #.. ####### #. #.#
#########
......#.####. #.#
..y.y...#
#.###............###.#
#######†# #.........#
#...#.#.# #######<#
#(# #....# ##......#
#@# #..... #.####.#
#.# #....# #.# #.# #.#
#...#.#.. #.####.# #.#
### #.### #.##...#
#.##### #.# #.##.#.#
#.....# ##'## #.##.#.#
#####.# ##...##
#......# ##.# ##.....#
#####.### ##..#
##.......


There were no monsters in sight!

Vanquished Creatures
  Pikel (D:6)
  Edmund (D:5)
  2 sky beasts
  2 orc warriors (D:6)
  2 ogres
  A centaur (D:6)
  3 bullfrogs
  2 scorpions (D:5)
  2 wights (D:6)
  8 killer bees
  2 howler monkeys
  3 crimson imps
  A quasit (D:5)
  A bullfrog zombie (D:6)
  7 hounds
  3 jellies
  9 orc priests
  4 orc wizards
  A centaur skeleton (D:5)
  Jessica (D:2)
  2 iguanas (D:5)
  4 worker ants
  A hound zombie (D:6)
  A howler monkey zombie (D:5)
  A worker ant zombie (D:5)
  7 gnolls
  12 adders
  An ooze (D:7)
  2 adder skeletons
  2 worms
  2 dart slugs
  7 leopard geckos
  20 orcs
  A ball python (D:4)
  A bat (D:2)
  5 giant cockroaches
  4 goblins
  3 hobgoblins
  8 jackals
  3 quokkas
  A ball python skeleton (D:4)
  8 frilled lizards
  A jackal skeleton (D:6)
  5 kobolds
  A leopard gecko skeleton (D:4)
  A quokka skeleton (D:6)
  A quokka zombie (D:5)
  6 rats
167 creatures vanquished.

Vanquished Creatures (collateral kills)
  An orc wizard (D:4)
1 creature vanquished.

Vanquished Creatures (others)
  A hornet zombie (D:7)
  A wight (D:6)
  An orc priest (D:4)
  An orc wizard (D:4)
  A bullfrog skeleton (D:6)
  A centaur skeleton (D:6)
  3 orcs
  A hobgoblin (D:3)
10 creatures vanquished.

Grand Total: 178 creatures vanquished

Notes
Turn   | Place    | Note
-------+----------+-------------------------------------------
     0 | D:1      | vishdafish the Formicid Fighter began the quest for the
                  | Orb.
     0 | D:1      | Reached XP level 1. HP: 18/18 MP: 1/1
   200 | D:1      | Reached XP level 2. HP: 20/24 MP: 2/2
   965 | D:2      | Reached XP level 3. HP: 19/29 MP: 3/3
  1054 | D:2      | Reached skill level 1 in Dodging
  1102 | D:2      | Noticed Jessica
  1112 | D:2      | Killed Jessica
  1112 | D:2      | Reached XP level 4. HP: 16/36 MP: 4/4
  1862 | D:3      | Found a sparkling altar of Nemelex Xobeh.
  1864 | D:3      | Found a glowing silver altar of Zin.
  1864 | D:3      | Found a bloodstained altar of Trog.
  1867 | D:3      | Found a hide-covered altar of Uskayaw.
  1867 | D:3      | Found a stormy altar of Qazlal.
  1885 | D:3      | Became a worshipper of Nemelex Xobeh the Trickster
  1946 | D:3      | Reached XP level 5. HP: 41/41 MP: 5/5
  2318 | D:4      | Reached skill level 1 in Invocations
  2369 | D:3      | Received a gift from Nemelex Xobeh
  2400 | D:3      | Noticed Sigmund
  2401 | D:3      | Noticed Sigmund
  2401 | D:3      | Sigmund changed into Sigmund the jelly
  2406 | D:3      | Killed Sigmund the jelly
  2759 | D:4      | Reached skill level 2 in Invocations
  2765 | D:4      | Reached XP level 6. HP: 35/48 MP: 7/7
  3062 | D:4      | Reached skill level 3 in Invocations
  3532 | D:4      | Got a pitted dagger
  3533 | D:4      | Identified the cursed +2 dagger of the Sun {venom, Dex+3}
                  | (You found it on level 4 of the Dungeon)
  3679 | D:4      | Reached XP level 7. HP: 45/55 MP: 9/9
  3699 | D:4      | Reached * piety under Nemelex Xobeh
  3750 | D:4      | Found a sparkling altar of Nemelex Xobeh.
  4027 | D:5      | Entered Level 5 of the Dungeon
  4043 | D:5      | Reached skill level 4 in Invocations
  4289 | D:5      | Reached skill level 5 in Armour
  4289 | D:5      | Reached skill level 5 in Invocations
  4292 | D:5      | Reached XP level 8. HP: 57/61 MP: 11/11
  4293 | D:5      | Found a blossoming altar of Fedhas.
  4318 | D:5      | Reached skill level 5 in Fighting
  4915 | D:5      | Reached skill level 6 in Invocations
  4989 | D:5      | Noticed Edmund
  5010 | D:5      | Killed Edmund
  5010 | D:5      | Reached skill level 5 in Axes
  5472 | D:6      | Reached skill level 7 in Invocations
  5472 | D:6      | Reached XP level 9. HP: 64/69 MP: 14/14
  6079 | D:6      | Noticed Pikel
  6102 | D:6      | Killed Pikel
  6102 | D:6      | Reached skill level 8 in Invocations
  6775 | D:6      | Reached skill level 9 in Invocations
  6785 | D:6      | Received a gift from Nemelex Xobeh
  6972 | D:6      | Reached XP level 10. HP: 40/79 MP: 16/16
  7231 | D:6      | Reached ** piety under Nemelex Xobeh
  7924 | D:7      | Received a gift from Nemelex Xobeh
  7985 | D:7      | Found a staircase to the Ecumenical Temple.
  8680 | D:7      | Gained mutation: Your magical capacity is low. (-10% MP)
                  | [potion of mutation]
  8680 | D:7      | Gained mutation: Armour fits poorly on your strangely
                  | shaped body. [potion of mutation]
  8680 | D:7      | Gained mutation: Scrolls take you a little longer to read.
                  | [potion of mutation]
  8680 | D:7      | Gained mutation: You evolve. [potion of mutation]
  8681 | D:7      | Lost mutation: Scrolls take you a little longer to read.
                  | [potion of mutation]
  8681 | D:7      | Lost mutation: You evolve. [potion of mutation]
  8681 | D:7      | Lost mutation: Armour fits poorly on your strangely shaped
                  | body. [potion of mutation]
  8681 | D:7      | Gained mutation: You have sharp toenails. [potion of
                  | mutation]
  8681 | D:7      | Gained mutation: You are partially covered in iridescent
                  | scales. (AC +2) [potion of mutation]
  8832 | D:7      | HP: 3/79 [hornet zombie (4)]
  8833 | D:7      | Reached skill level 10 in Invocations
  8833 | D:7      | Killed by a card of wild magic

Skill      XL: |  1  2  3  4  5  6  7  8  9 10 |
---------------+-------------------------------+-----
Shields        | 4 |  4.5
Dodging        | 1 |  1.3
Axes           | 3 4 5 6 |  6.7
Invocations    | 2 3 5 7 9 10 | 10.0
Fighting       | 4 5 7 |  7.5
Armour         | 4 5 7 |  7.4
Stealth        | |  0.2

Action                   |  1- 3 |  4- 6 |  7- 9 | 10-12 || total
-------------------------+-------+-------+-------+-------++-------
Melee: War axe           |    86 |   147 |       |       ||   233
       Dagger            |       |    38 |   214 |    13 ||   265
       Dire flail        |       |       |   211 |   123 ||   334
       Kick              |       |       |       |     4 ||     4
Throw: Tomahawk          |       |       |       |     6 ||     6
       Throwing net      |       |       |       |     1 ||     1
 Abil: Draw Destruction  |       |     5 |       |     5 ||    10
       Draw Summoning    |       |     1 |     1 |       ||     2
       Draw Escape       |       |       |     1 |       ||     1
Evoke: Wand              |       |       |       |     2 ||     2
  Use: Scroll            |       |     6 |       |     3 ||     9
       Potion            |       |       |     5 |     9 ||    14
  Eat: Chunk             |       |     3 |     7 |     3 ||    13
       Ration            |       |     2 |     1 |     1 ||     4
Armor: Scale mail        |    30 |    81 |   192 |    72 ||   375
Dodge: Dodged            |    31 |    57 |   176 |    68 ||   332
Block: Shield            |    36 |   106 |   268 |    87 ||   497
